 Dungeon Crawl Stone Soup version 0.23.1 (webtiles) character file.

Game seed: 2271301740681394115

504 Hylith the Shield-Bearer (level 7, -2/59 HPs)
             Began as a Gnoll Fighter on Mar 13, 2019.
             Slain by Grinder (3 damage)
             ... on level 3 of the Dungeon.
             The game lasted 00:08:56 (3019 turns).

Hylith the Shield-Bearer (Gnoll Fighter)            Turns: 3019, Time: 00:08:57

Health: -2/59      AC:  9    Str: 20    XL:     7   Next: 17%
Magic:  10/10      EV:  9    Int: 10    God:
Gold:   159        SH: 11    Dex: 15    Spells: 10/10 levels left

rFire    . . .     SeeInvis .   a - +0 flail
rCold    . . .     Gourm    .   c - +0 shield
rNeg     . . .     Faith    .   b - +0 scale mail
rPois    .         Spirit   .   q - +0 helmet
rElec    .         Reflect  .   (no cloak)
rCorr    .         Harm     .   (no gloves)
MR       .....                  (no boots)
Stlth    +.........             i - amulet of magic regeneration
HPRegen  0.19/turn              (no ring)
MPRegen  0.37/turn              (no ring)

@: no status effects
A: distributed training, fangs 1, strong nose
a: no special abilities


You were on level 3 of the Dungeon.
You were not hungry.

You visited 1 branch of the dungeon, and saw 3 of its levels.

You collected 159 gold pieces.

Inventory:

Hand Weapons
 a - a +0 flail (weapon)
 h - a +0 mace of protection
 p - a +1 whip of venom
Missiles
 e - 53 stones (quivered)
Armour
 b - a +0 scale mail (worn)
 c - a +0 shield (worn)
 q - a +0 helmet (worn)
Magical Staves
 u - an uncursed staff of poison {unknown}
Jewellery
 i - an amulet of magic regeneration (around neck)
Wands
 l - a wand of flame (15)
Scrolls
 j - 4 scrolls of identify {unknown}
 k - 2 scrolls of remove curse {unknown}
 m - a scroll of teleportation {unknown}
 n - a scroll of fog {unknown}
Potions
 d - 2 potions of might
 g - a potion of heal wounds {unknown}
 o - 2 potions of brilliance {unknown}
 r - a potion of mutation {unknown}
 s - 2 potions of lignification {unknown}
 t - 2 potions of ambrosia {unknown}
 v - a potion of berserk rage {unknown}
Comestibles
 f - 6 rations
 w - 6 chunks of flesh


   Skills:
 + Level 6.9 Fighting
 + Level 2.2 Short Blades
 + Level 2.2 Long Blades
 + Level 2.2 Axes
 + Level 5.1 Maces & Flails
 + Level 2.2 Polearms
 + Level 2.2 Staves
 + Level 2.2 Slings
 + Level 2.2 Bows
 + Level 2.2 Crossbows
 + Level 2.2 Throwing
 + Level 6.9 Armour
 + Level 2.2 Dodging
 + Level 2.2 Stealth
 + Level 6.9 Shields
 + Level 2.2 Unarmed Combat
 + Level 2.2 Spellcasting
 + Level 1.8 Conjurations
 + Level 1.8 Hexes
 + Level 1.8 Charms
 + Level 1.8 Summonings
 + Level 1.8 Necromancy
 + Level 1.8 Translocations
 + Level 1.8 Transmutations
 + Level 1.8 Fire Magic
 + Level 1.8 Ice Magic
 + Level 1.8 Air Magic
 + Level 1.8 Earth Magic
 + Level 1.8 Poison Magic
 + Level 2.5 Invocations
 + Level 2.2 Evocations


You had 10 spell levels left.
You didn't know any spells.
Your spell library was empty.

Dungeon Overview and Level Annotations

Branches:
Dungeon (3/15)

Altars:
Dithmenos
Vehumet

Annotations:
D:3 Grinder


Innate Abilities, Weirdness & Mutations

Your experience applies equally to all skills.
You have very sharp teeth.
Your uncanny sense of smell can sniff out nearby items.


Message History

Grinder barely misses you.
You hit Grinder.
Grinder is moderately wounded.
Grinder hits you but does no damage.
You hit Grinder but do no damage. You bite Grinder.
Grinder is moderately wounded.
Grinder hits you.
* * * LOW HITPOINT WARNING * * *
You writhe in agony.
* * * LOW HITPOINT WARNING * * *
You sock Grinder!
Grinder is heavily wounded.
Grinder hits you.
* * * LOW HITPOINT WARNING * * *
You closely miss Grinder.
Grinder is heavily wounded.
Grinder hits you.
* * * LOW HITPOINT WARNING * * *
You writhe in agony.
You die...

####### ##.....## ##.......##
#####.........# #...#.........#
#...#........[# ##...
#...#.........# ##..[.
####...#.........# #.....
..##............@# #.....
...#...#.........5...... ##.....
.#.....#..........###### .......
.###..............#### #..... .#
#......>...........######.....
.###.#..รท........................
.##....#.............#........###
.#...##..........######..... #
...#............ #.... #


You could see Grinder.

Vanquished Creatures
  A phantom (D:2)
  3 orc priests
  Terence (D:2)
  Jessica (D:2)
  Natasha (twice) (D:3)
  A worker ant (D:3)
  Robin (D:2)
  4 gnolls (D:3)
  5 adders
  A worm (D:2)
  3 dart slugs
  2 leopard geckos (D:1)
  4 orcs
  8 bats
  5 giant cockroaches
  16 goblins
  12 hobgoblins
  2 jackals (D:2)
  8 kobolds
  2 quokkas (D:3)
  2 frilled lizards
  8 rats
92 creatures vanquished.

Notes
Turn   | Place    | Note
-------+----------+-------------------------------------------
     0 | D:1      | Hylith the Gnoll Fighter began the quest for the Orb.
     0 | D:1      | Reached XP level 1. HP: 23/23 MP: 1/1
    71 | D:1      | Reached XP level 2. HP: 25/29 MP: 2/2
   425 | D:1      | Reached XP level 3. HP: 35/35 MP: 3/3
   756 | D:1      | Reached skill level 1 in Invocations
  1087 | D:2      | Noticed Jessica
  1100 | D:2      | Killed Jessica
  1100 | D:2      | Reached skill level 1 in Short Blades
  1100 | D:2      | Reached skill level 1 in Long Blades
  1100 | D:2      | Reached skill level 1 in Axes
  1100 | D:2      | Reached skill level 1 in Polearms
  1100 | D:2      | Reached skill level 1 in Staves
  1100 | D:2      | Reached skill level 1 in Slings
  1100 | D:2      | Reached skill level 1 in Bows
  1100 | D:2      | Reached skill level 1 in Crossbows
  1100 | D:2      | Reached skill level 1 in Throwing
  1100 | D:2      | Reached skill level 1 in Dodging
  1100 | D:2      | Reached skill level 1 in Stealth
  1100 | D:2      | Reached skill level 1 in Unarmed Combat
  1100 | D:2      | Reached skill level 1 in Spellcasting
  1100 | D:2      | Reached skill level 1 in Evocations
  1100 | D:2      | Reached XP level 4. HP: 18/41 MP: 5/5
  1190 | D:2      | Found a radiant altar of Vehumet.
  1211 | D:2      | Noticed Robin
  1268 | D:2      | Killed Robin
  1268 | D:2      | Reached skill level 1 in Conjurations
  1268 | D:2      | Reached skill level 1 in Hexes
  1268 | D:2      | Reached skill level 1 in Charms
  1268 | D:2      | Reached skill level 1 in Summonings
  1268 | D:2      | Reached skill level 1 in Necromancy
  1268 | D:2      | Reached skill level 1 in Translocations
  1268 | D:2      | Reached skill level 1 in Transmutations
  1268 | D:2      | Reached skill level 1 in Fire Magic
  1268 | D:2      | Reached skill level 1 in Ice Magic
  1268 | D:2      | Reached skill level 1 in Air Magic
  1268 | D:2      | Reached skill level 1 in Earth Magic
  1268 | D:2      | Reached skill level 1 in Poison Magic
  1657 | D:2      | Reached XP level 5. HP: 47/47 MP: 6/6
  1721 | D:2      | Noticed Terence
  1730 | D:2      | Killed Terence
  1803 | D:2      | Found a shadowy altar of Dithmenos.
  2168 | D:3      | Noticed Natasha
  2176 | D:3      | Killed Natasha
  2197 | D:3      | Noticed Natasha
  2208 | D:3      | Killed Natasha
  2208 | D:3      | Reached XP level 6. HP: 29/53 MP: 8/8
  2340 | D:3      | Noticed a phantom
  2537 | D:2      | Killed a phantom
  2537 | D:2      | Reached skill level 5 in Maces & Flails
  2819 | D:3      | Reached XP level 7. HP: 59/59 MP: 10/10
  3007 | D:3      | Noticed Grinder
  3019 | D:3      | HP: 1/59 [Grinder (3)]
  3019 | D:3      | Slain by Grinder

Skill      XL: |  1  2  3  4  5  6 |
---------------+-------------------+-----
Invocations    | 1 2 |  2.5
Short Blades   | 1 2 |  2.2
Long Blades    | 1 2 |  2.2
Axes           | 1 2 |  2.2
Polearms       | 1 2 |  2.2
Staves         | 1 2 |  2.2
Slings         | 1 2 |  2.2
Bows           | 1 2 |  2.2
Crossbows      | 1 2 |  2.2
Throwing       | 1 2 |  2.2
Dodging        | 1 2 |  2.2
Stealth        | 1 2 |  2.2
Unarmed Combat | 1 2 |  2.2
Spellcasting   | 1 2 |  2.2
Evocations     | 1 2 |  2.2
Conjurations   | 1 |  1.8
Hexes          | 1 |  1.8
Charms         | 1 |  1.8
Summonings     | 1 |  1.8
Necromancy     | 1 |  1.8
Translocations | 1 |  1.8
Transmutations | 1 |  1.8
Fire Magic     | 1 |  1.8
Ice Magic      | 1 |  1.8
Air Magic      | 1 |  1.8
Earth Magic    | 1 |  1.8
Poison Magic   | 1 |  1.8
Maces & Flails | 5 |  5.1
Fighting       | |  6.9
Armour         | |  6.9
Shields        | |  6.9

Action                   |  1- 3 |  4- 6 |  7- 9 || total
-------------------------+-------+-------+-------++-------
Melee: Flail             |    23 |   126 |    57 ||   206
       Bite              |    12 |    23 |     8 ||    43
       Mace              |    75 |    35 |       ||   110
       Whip              |       |     2 |       ||     2
Throw: Stone             |       |    35 |       ||    35
  Eat: Chunk             |       |     6 |     1 ||     7
Armor: Scale mail        |    33 |    61 |    23 ||   117
Dodge: Dodged            |    25 |    47 |    38 ||   110
Block: Shield            |    51 |    96 |    42 ||   189
